[Event "Late-Titled-Tuesday-Blitz-October-24-2023"]
[Site "Chess.com"]
[Date "2023.10.24"]
[Round "4"]
[White "familijatop71"]
[Black "Haykoooo0o"]
[Result "0-1"]
[WhiteElo "2128"]
[BlackElo "2440"]
[TimeControl "180+1"]
[EndTime "14:38:27 PDT"]
[Termination "Haykoooo0o won on time"]

1. e4 c6 2. d4 d5 3. e5 c5 4. c3 Nc6 5. Be2 cxd4 6. cxd4 Bf5 7. Nf3 Bg4 8. Nbd2 e6 9. h3 Bxf3 10. Nxf3 Nge7 11. a3 Nf5 12. b4 Be7 13. O-O O-O 14.
Bb2 Rc8 15. Rc1 Bg5 16. Nxg5 Qxg5 17. f4 Qe7 18. Qd3 Qh4 19. Kh2 Nb8 20. g3 Qe7 21. Rxc8 Rxc8 22. Rc1 Rc7 23. Rxc7 Qxc7 24. g4 Ne7 25. f5 a6 26. f6 gxf6 27. Qf3 fxe5 28. dxe5 Nbc6 29. Qf6 Ng6 30. Bd3 Ncxe5 31. Bxg6 Nxg6+ 32. Kg1 Qg3+ 33. Kf1 Qxh3+ 0-1

[Event "Late-Titled-Tuesday-Blitz-October-24-2023"]
[Site "Chess.com"]
[Date "2023.10.24"]
[Round "4"]
[White "ArturoCaceres"]
[Black "Nikita_Klepikov"]
[Result "0-1"]
[WhiteElo "2481"]
[BlackElo "2339"]
[TimeControl "180+1"]
[EndTime "14:38:30 PDT"]
[Termination "Nikita_Klepikov won by resignation"]

1. d4 Nf6 2. Nf3 g6 3. e3 Bg7 4. b3 O-O 5. Bb2 b6 6. Nbd2 Bb7 7. Bd3 d6 8. O-O c5 9. c4 e6 10. e4 cxd4 11. Nxd4 Nbd7 12. Nb5 Nc5 13. Bc2 a6 14. Nc3 Nfxe4 15. Ndxe4 Nxe4 16. Bxe4 Bxe4 17. Nxe4 Bxb2 18. Rb1 d5 19. cxd5 Qxd5 20. Rxb2 Qxe4 21. Qd6 b5 22. Rd2 Rfd8 23. Qxd8+ Rxd8 24. Rxd8+ Kg7 25. Rd2 a5 26. Rfd1 a4 27. bxa4 Qxa4 28. Rb1 e5 29. h3 e4 30. Rb3 f5 31. Rdb2 f4 32. Rxb5 e3 33. Rb7+ Kh6 34. fxe3 fxe3 35. Re7 Qd1+ 36. Kh2 Qd6+ 37. g3 Qxe7 38. Re2 Qe4 0-1

[Event "Late-Titled-Tuesday-Blitz-October-24-2023"]
[Site "Chess.com"]
[Date "2023.10.24"]
[Round "4"]
[White "Payyappat"]
[Black "Chessbard1972"]
[Result "1-0"]
[WhiteElo "2521"]
[BlackElo "2348"]
[TimeControl "180+1"]
[EndTime "14:38:31 PDT"]
[Termination "Payyappat won by resignation"]

1. e4 e5 2. Nf3 Nc6 3. Bc4 Bc5 4. c3 Nf6 5. d4 exd4 6. e5 d5 7.
Bb5 Ne4 8. cxd4 Bb4+ 9. Bd2 Bxd2+ 10. Nbxd2 Bf5 11. Rc1 Bd7 12. O-O Nxd2 13. Qxd2 O-O 14. Rfe1 Nxe5 15. Rxe5 Bxb5 16. Qb4 Ba6 17. Rce1 c6 18. Re7 Qb6 19. Qd2 Rad8 20. Ng5 h6 21.
Nh3 Qb5 22. Nf4 c5 23. Qe3 c4 24. Nh5 Qxb2 25. Qe5 f6 26. Rxg7+ Kh8 27. Qe7 Qc2 28.
Nxf6 Rxf6 29. Qxf6 Rc8 30. Rg6+ 1-0

[Event "Late-Titled-Tuesday-Blitz-October-24-2023"]
[Site "Chess.com"]
[Date "2023.10.24"]
[Round "4"]
[White "WindWhistler11"]
[Black "TheMagician"]
[Result "1-0"]
[WhiteElo "2433"]
[BlackElo "2170"]
[TimeControl "180+1"]
[EndTime "14:38:31 PDT"]
[Termination "WindWhistler11 won on time"]

1. Nf3 d5 2. d3 c5 3. g3 Nc6 4.
Bg2 e5 5. Nbd2 f6 6. e4 Be6 7. a3 d4 8. Nh4 Bd6 9. Nf5 Qd7 10. Nc4 Bc7 11. Qg4 g6 12. Ng7+ Kf7 13. Nxe6 Qxe6 14. Qe2 b5 15. Nd2 h5 16. h4 Qe8 17. Bh3 Nge7 18. O-O a6 19. Kh1 g5 20.
hxg5 fxg5 21. Nf3 g4 22. Ng5+ Kg6 23. Bg2 Ng8 24. f4 h4 25. Qxg4 Nh6 26. Qf3 hxg3 27.
f5+ Kf6 28. Bh3 1-0

[Event "Late-Titled-Tuesday-Blitz-October-24-2023"]
[Site "Chess.com"]
[Date "2023.10.24"]
[Round "4"]
[White "TigrVShlyape"]
[Black "meoluoi91"]
[Result "1-0"]
[WhiteElo "2836"]
[BlackElo "2594"]
[TimeControl "180+1"]
[EndTime "14:38:35 PDT"]
[Termination "TigrVShlyape won by resignation"]

1. d4 d5 2. Bf4 c5 3. e3 cxd4 4.
exd4 Nc6 5. c3 Nf6 6. Nd2 Bf5 7.
Ngf3 e6 8. Bb5 Bd6 9. Bxd6 Qxd6 10. O-O O-O 11. Re1 Ne4 12. Nxe4 Bxe4 13. Nd2 Bg6 14. a4 Rac8 15. a5 a6 16. Bf1 Rc7 17. Nb3 e5 18.
dxe5 Nxe5 19. Nd4 Nc4 20. Bxc4 dxc4 21. Qf3 h6 22. h4 Qc5 23. g3 Rd8 24. Re3 Re7 25.
Rae1 Rxe3 26. Rxe3 Qc7 27. h5 Bd3 28. b4 Qd7 29.
Re5 Qc7 30. Qe3 Qd7 31. Kg2 Bb1 32. f3 Qa4 33. g4 Qa2+ 34. Kg3 Qa4 35. Re7 Rd7 36.
Re8+ Kh7 37. Qe1 Bd3 38. Rf8 Qa2 39. Qe8 g5 40. Qxd7 1-0

[Event "Late-Titled-Tuesday-Blitz-October-24-2023"]
[Site "Chess.com"]
[Date "2023.10.24"]
[Round "4"]
[White "IMRosen"]
[Black "maximnovik"]
[Result "0-1"]
[WhiteElo "2618"]
[BlackElo "2499"]
[TimeControl "180+1"]
[EndTime "14:38:37 PDT"]
[Termination "maximnovik won on time"]

1. e4 c6 2. d4 d5 3. Nc3 dxe4 4. Nxe4 Bf5 5. Ng3 Bg6 6. h4 h6 7. Nf3 e6 8. Ne5 Bh7 9. Bd3 Bxd3 10. Qxd3 Nd7 11.
f4 Be7 12. Bd2 Nxe5 13. fxe5 Bxh4 14. O-O-O Bxg3 15. Qxg3 Ne7 16. Qxg7 Rg8 17. Qxh6 Qd5 18. Kb1 O-O-O 19. Qf6 Nf5 20. Qxf7 Rg7 21. Qf6 Rdg8 22.
Bc1 Qd7 23. a4 Rg6 24. Rh8 Qe8 25. Rxg8 Qxg8 26. g4 Rxf6 27. exf6 Qxg4 28. Re1 Nd6 29. b3 Kd7 30. Ba3 Nf7 31. Rh1 Qf5 32. Be7 b6 33. Rc1 c5 34. dxc5 bxc5 35. Rd1+ Kc6 36.
Kb2 c4 37. bxc4 a5 38. Rd3 e5 39.
Rc3 e4 40. c5 Qe5 41. Kb3 e3 42. Rd3 e2 43. Bd6 Qe6+ 0-1

[Event "Late-Titled-Tuesday-Blitz-October-24-2023"]
[Site "Chess.com"]
[Date "2023.10.24"]
[Round "4"]
[White "Tunahan_Makaraci"]
[Black "lukas_111111"]
[Result "0-1"]
[WhiteElo "2421"]
[BlackElo "2642"]
[TimeControl "180+1"]
[EndTime "14:38:40 PDT"]
[Termination "lukas_111111 won on time"]

1. e4 d6 2. d4 Nf6 3. Nc3 e5 4. Nge2 exd4 5. Nxd4 Be7 6. h3 O-O 7. g4 d5 8. Bg2 Nxe4 9. Nxe4 dxe4 10. O-O Bf6 11.
c3 Bxd4 12. cxd4 f5 13. g5 Be6 14. Bf4 Nc6 15. Rc1 Qxd4 16. Qe2 Ne5 17. Rxc7 Nd3 18. Be3 Qe5 19. Rxb7 f4 20. Bd2 f3 21. Qe3 fxg2 22. Kxg2 Nf4+ 23. Kh1 Nd5 24. Qc5 Qf5 25. Qd4 Qxh3+ 26.
Kg1 Qg4+ 27. Kh1 Rf7 28. Rxf7 Bxf7 29. Re1 Qf3+ 30. Kg1 Re8 0-1

[Event "Late-Titled-Tuesday-Blitz-October-24-2023"]
[Site "Chess.com"]
[Date "2023.10.24"]
[Round "4"]
[White "eCztery"]
[Black "sergeikim"]
[Result "0-1"]
[WhiteElo "2375"]
[BlackElo "2594"]
[TimeControl "180+1"]
[EndTime "14:38:40 PDT"]
[Termination "sergeikim won on time"]

1. e4 e5 2. Nf3 Nc6 3. d4 exd4 4.
Bc4 Nf6 5. O-O Nxe4 6. Nc3 Nxc3 7. bxc3 d5 8. Bb5 Be7 9. Ne5 Bd7 10. Nxd7 Qxd7 11.
Re1 O-O 12. cxd4 Bd6 13. c3 Rfe8 14. Be3 Qf5 15. Rb1 Qf6 16. Qh5 h6 17. Bd3 Rab8 18. h3 a6 19. Bd2 Ne7 20. a4 Bf4 21. Bxf4 Qxf4 22. Re3 g6 23. Qe2 Kf8 24. Re1 Qd6 25. Qf3 c6 26. Re6 Qd7 27. Qf6 Ng8 0-1

[Event "Late-Titled-Tuesday-Blitz-October-24-2023"]
[Site "Chess.com"]
[Date "2023.10.24"]
[Round "4"]
[White "Yushko_Olga"]
[Black "DonJuanEGenaro"]
[Result "0-1"]
[WhiteElo "2126"]
[BlackElo "1852"]
[TimeControl "180+1"]
[EndTime "14:38:40 PDT"]
[Termination "DonJuanEGenaro won by resignation"]

1. d4 d5 2. c4 e6 3. cxd5 exd5 4.
Nc3 c6 5. Nf3 Nf6 6. Bg5 h6 7.
e3 hxg5 8. Nxg5 Bb4 9. Bd3 Qe7 10. Qc2 b5 11. O-O-O a5 12. Nxb5 Bg4 13. f3 Be6 14.
Nxe6 fxe6 15. Bg6+ Kd7 16. Nc3 Ne8 17. Kb1 Nd6 18.
e4 Qg5 19. exd5 cxd5 20. g3 Nc6 21. Na4 Nc4 22. Bd3 Nxd4 23. Qf2 Ne3 24. f4 Nxd1 25.
Rxd1 Qf6 26. Nb6+ Kd6 27. Nxa8 Rxa8 28. Bf1 Bc5 29. Qd2 Rb8 30. Qxa5 Rxb2+ 31. Kc1 Ne2+ 32. Bxe2 Be3+ 33. Rd2 Bxd2+ 0-1

[Event "Late-Titled-Tuesday-Blitz-October-24-2023"]
[Site "Chess.com"]
[Date "2023.10.24"]
[Round "4"]
[White "Nf3c5"]
[Black "FabianoCaruana"]
[Result "0-1"]
[WhiteElo "2620"]
[BlackElo "3085"]
[TimeControl "180+1"]
[EndTime "14:38:47 PDT"]
[Termination "FabianoCaruana won on time"]

1. d4 b5 2. e4 Bb7 3. Bxb5 Bxe4 4. Nf3 Nf6 5. O-O e6 6. Re1 Be7 7. c4 O-O 8. Nc3 Bxf3 9. Qxf3 c6 10. Ba4 d5 11.
Bf4 a5 12. c5 Qc8 13. Bc2 Na6 14. a3 g6 15. Bh6 Re8 16. Re3 Nc7 17. Na4 Nd7 18.
Qf4 Bf8 19. Rae1 Rb8 20. h4 Qd8 21. Rf3 Bxh6 22. Qxh6 f5 23. Rg3 Qf6 24. h5 Nf8 25. Re5 Re7 26. Nb6 Rg7 27. hxg6 Nxg6 28. Re1 Qxd4 29.
Na4 Rf8 30. Re2 e5 31. Re1 e4 32. Rg5 Ne6 33. Rh5 Nef4 34. Rh2 Qd2 0-1

[Event "Late-Titled-Tuesday-Blitz-October-24-2023"]
[Site "Chess.com"]
[Date "2023.10.24"]
[Round "4"]
[White "RCone"]
[Black "dretch"]
[Result "0-1"]
[WhiteElo "2412"]
[BlackElo "2816"]
[TimeControl "180+1"]
[EndTime "14:38:54 PDT"]
[Termination "dretch won by checkmate"]

1. e4 e6 2. d4 d5 3. e5 c5 4. c3 Bd7 5. Nf3 Nc6 6. Bd3 cxd4 7.
O-O Qb6 8. Re1 Nh6 9. Nbd2 dxc3 10. bxc3 Ng4 11. Re2 Bc5 12. Qe1 f6 13. exf6 Nxf6 14.
Nb3 O-O 15. Rb1 Bd6 16. Nbd4 Qd8 17. Nxe6 Bxe6 18. Rxe6 Qd7 19. Re2 Ng4 20. Bb5 Rxf3 21. Bxc6 bxc6 22. gxf3 Nxh2 23. Kg2 Nxf3 24. Kxf3 Qh3# 0-1

[Event "Late-Titled-Tuesday-Blitz-October-24-2023"]
[Site "Chess.com"]
[Date "2023.10.24"]
[Round "4"]
[White "LiemLe"]
[Black "GMG"]
[Result "1-0"]
[WhiteElo "2970"]
[BlackElo "2766"]
[TimeControl "180+1"]
[EndTime "14:38:55 PDT"]
[Termination "LiemLe won on time"]

1. Nf3 e6 2. c4 d5 3. e3 a6 4. b3 b6 5. Bb2 Bb7 6. cxd5 exd5 7. g3 Nf6 8. Bg2 Bd6 9. O-O O-O 10. Nc3 Re8 11. Rc1 Nbd7 12. Re1 c5 13. d4 c4 14. a4 Rc8 15. Nd2 Bc6 16. bxc4 dxc4 17. Nxc4 Bb4 18. Qb3 a5 19. Bxc6 Rxc6 20. Red1 h5 21. Nb5 Ng4 22. h3 Nxf2 23. Kxf2 Qg5 24. Ne5 Nxe5 25. dxe5 Rg6 26. e4 h4 27. g4 Rxe5 28. Bxe5 Qxe5 29. Kg2 Rf6 30. Qd3 Rf2+ 31. Kxf2 Qh2+ 32. Ke3 1-0

[Event "Late-Titled-Tuesday-Blitz-October-24-2023"]
[Site "Chess.com"]
[Date "2023.10.24"]
[Round "4"]
[White "dmitrijiIM"]
[Black "DanielNaroditsky"]
[Result "0-1"]
[WhiteElo "2891"]
[BlackElo "3209"]
[TimeControl "180+1"]
[EndTime "14:38:59 PDT"]
[Termination "DanielNaroditsky won on time"]

1. e4 c5 2. Nf3 d6 3. d4 cxd4 4.
Qxd4 Nf6 5. Nc3 Nc6 6. Qd3 g6 7. Be2 Bg7 8. O-O O-O 9. Nd5 Nd7 10. c3 Nc5 11. Qc2 e6 12. Ne3 Qc7 13. Rd1 Rd8 14. b4 Nd7 15. Rb1 b6 16. c4 Bb7 17.
a3 Rac8 18. Bb2 Nde5 19. Rbc1 Qe7 20. Qb1 Nxf3+ 21. Bxf3 Bxb2 22. Qxb2 Ne5 23. Ng4 Nxg4 24. Bxg4 Bxe4 25. Qd4 Bb7 26. Rc3 d5 27. c5 f5 28. Bf3 bxc5 29. bxc5 e5 30. Re3 e4 31. Rc1 Qg7 32. Qxg7+ Kxg7 33. Be2 d4 34. Rb3 Bd5 35. Rb4 d3 36. Bd1 Rc7 37. Rd4 Kf6 38. f4 Ke7 39.
Kf2 Ke6 40. Bb3 Rb7 41. Rxd5 Rxd5 42. Bxd5+ Kxd5 43. c6 Rb2+ 44. Ke1 d2+ 45. Kd1 dxc1=Q+ 46. Kxc1 Rb6 0-1

[Event "Late-Titled-Tuesday-Blitz-October-24-2023"]
[Site "Chess.com"]
[Date "2023.10.24"]
[Round "4"]
[White "HajiyevKanan"]
[Black "bylavochka"]
[Result "0-1"]
[WhiteElo "2497"]
[BlackElo "2359"]
[TimeControl "180+1"]
[EndTime "14:38:59 PDT"]
[Termination "bylavochka won by checkmate"]

1. d4 Nf6 2. Nf3 g6 3. g3 Bg7 4. Bg2 O-O 5. O-O d5 6. b3 a5 7.
Bb2 a4 8. c4 axb3 9. axb3 Rxa1 10. Bxa1 c6 11. Nc3 Ne4 12. Nxe4 dxe4 13. Ne5 f6 14.
Nxg6 hxg6 15. Bxe4 f5 16. Bc2 Nd7 17. e4 Nf6 18. e5 Ne8 19. f4 Nc7 20. h4 Be6 21.
Kg2 b5 22. h5 gxh5 23. Qxh5 Qe8 24. Qg5 bxc4 25. bxc4 Bxc4 26. Rc1 Bd5+ 27. Kf2 e6 28. g4 fxg4 29. Kg3 Nb5 30. Bg6 Qa8 31. Qh5 Rd8 32. f5 Qa3+ 33. Rc3 Nxc3 34. Bf7+ Kf8 35. f6 Ne4+ 36. Kxg4 Qg3# 0-1

[Event "Late-Titled-Tuesday-Blitz-October-24-2023"]
[Site "Chess.com"]
[Date "2023.10.24"]
[Round "4"]
[White "2346PL"]
[Black "sari07"]
[Result "1-0"]
[WhiteElo "2482"]
[BlackElo "2264"]
[TimeControl "180+1"]
[EndTime "14:39:01 PDT"]
[Termination "2346PL won on time"]

1. d4 Nf6 2. Nf3 g6 3. g3 Bg7 4. Bg2 O-O 5. O-O d6 6. b3 e5 7. dxe5 Ng4 8. Bb2 Nc6 9. Nbd2 Ngxe5 10. Qc1 Re8 11. Nxe5 Nxe5 12. c4 Qe7 13. Nf3 c6 14. Rd1 Bf5 15. Nd4 Bd7 16. Bc3 a5 17. a4 h5 18. h4 Ng4 19. e3 Bh6 20. Re1 g5 21. hxg5 Qxg5 22. Nf3 Qe7 23. Qd2 Nxe3 24. Qd4 f6 25.
Bd2 Nf5 26. Rxe7 Nxd4 27. Rxe8+ Rxe8 28. Bxh6 Nxb3 29. Rb1 Nc5 30. Be3 Bf5 31. Rb6 Nxa4 32. Rxb7 Nc3 33. Nd4 Bd3 34. Nxc6 a4 35. Ne7+ Kh8 36.
Bd4 Ne2+ 37. Kh2 Nxd4 38. Nd5 a3 39. Ra7 1-0

[Event "Late-Titled-Tuesday-Blitz-October-24-2023"]
[Site "Chess.com"]
[Date "2023.10.24"]
[Round "4"]
[White "Drags95"]
[Black "dimitrisl"]
[Result "1-0"]
[WhiteElo "2858"]
[BlackElo "2599"]
[TimeControl "180+1"]
[EndTime "14:39:05 PDT"]
[Termination "Drags95 won by checkmate"]

1. d4 Nf6 2. c4 e6 3. Nf3 d5 4.
Nc3 Be7 5. Bf4 O-O 6. e3 Nbd7 7.
c5 Nh5 8. Bd3 Nxf4 9. exf4 b6 10. b4 a5 11. a3 c6 12. O-O Ba6 13. Bxa6 Rxa6 14. Qe2 Ra8 15. Na4 Qc7 16. Ne5 Nxe5 17. cxb6 Qb7 18. fxe5 axb4 19. axb4 Bxb4 20. Rfb1 Be7 21.
Qb2 Rfb8 22. Nc5 Bxc5 23. dxc5 g6 24. g3 Kg7 25. Rxa8 Rxa8 26. Ra1 Rxa1+ 27. Qxa1 Qe7 28. Qb2 Qb7 29. Qa3 Qe7 30. Qb4 Qb7 31. Qa5 Qe7 32.
h4 h5 33. Kg2 d4 34. Qb4 d3 35. Qd4 d2 36. Qxd2 Qxc5 37. Qb2 Qd5+ 38. Kh2 Qd8 39. b7 Qb8 40. Qb6 c5 41. Qc6 c4 42. Qc8 Qa7 43. Kg2 Qd4 44. b8=Q Qe4+ 45. Kh2 Qd4 46. Qh8# 1-0

[Event "Late-Titled-Tuesday-Blitz-October-24-2023"]
[Site "Chess.com"]
[Date "2023.10.24"]
[Round "4"]
[White "Angry_Twin"]
[Black "nochewycandy"]
[Result "0-1"]
[WhiteElo "2932"]
[BlackElo "2782"]
[TimeControl "180+1"]
[EndTime "14:39:07 PDT"]
[Termination "nochewycandy won on time"]

1. d4 d5 2. c4 dxc4 3. Nf3 Nf6 4. e3 Bg4 5. Bxc4 e6 6. O-O Nc6 7. Nc3 Bd6 8. h3 Bh5 9. Be2 O-O 10. b3 Qe8 11. Nb5 Nd5 12. Bb2 f5 13. Rc1 Qe7 14.
Nxd6 cxd6 15. Ba3 Kh8 16. Ne5 Bxe2 17. Nxc6 bxc6 18. Qxe2 Rac8 19. Qf3 g5 20. Rc4 g4 21. hxg4 fxg4 22. Qxg4 Rg8 23. Qh3 Rg6 24. Bc1 Rcg8 25.
g3 Qf7 26. Rxc6 Qf3 27. Qg2 Qh5 28. Rxd6 Nc3 29. Re1 Ne2+ 30. Rxe2 Qxe2 31. Ba3 Qe1+ 32. Qf1 Rxg3+ 33. fxg3 Qxg3+ 0-1

[Event "Late-Titled-Tuesday-Blitz-October-24-2023"]
[Site "Chess.com"]
[Date "2023.10.24"]
[Round "4"]
[White "el_sporco"]
[Black "Thjop"]
[Result "0-1"]
[WhiteElo "2415"]
[BlackElo "2641"]
[TimeControl "180+1"]
[EndTime "14:39:09 PDT"]
[Termination "Thjop won by resignation"]

1. e4 e6 2. d4 d5 3. Nc3 Bb4 4. exd5 exd5 5. Bd3 Nc6 6. Ne2 Nge7 7. O-O Bg4 8. h3 Bh5 9. Qd2 Bg6 10. Nf4 Bxd3 11.
Qxd3 O-O 12. Nce2 Bd6 13. Ng3 Qd7 14. Ngh5 Rae8 15. Re1 Nb4 16. Qg3 Ng6 17. Bd2 Nxc2 18. Rxe8 Rxe8 19. Rd1 Nxd4 20. Bc3 Ne2+ 21. Nxe2 Bxg3 22.
Nexg3 Ne5 23. f4 f6 24. fxe5 fxe5 25. Rf1 d4 26. Bb4 b6 27. Nf5 c5 28. Nfxg7 Rf8 29. Rxf8+ Kxf8 30. Bd2 c4 31. Bh6 Kf7 32. g4 c3 33. bxc3 dxc3 34. Nf5 Qd1+ 35. Kg2 c2 36. Nhg3 c1=Q 0-1

[Event "Late-Titled-Tuesday-Blitz-October-24-2023"]
[Site "Chess.com"]
[Date "2023.10.24"]
[Round "4"]
[White "Balla_Tamas"]
[Black "Mikedannnn"]
[Result "0-1"]
[WhiteElo "2342"]
[BlackElo "2564"]
[TimeControl "180+1"]
[EndTime "14:39:14 PDT"]
[Termination "Mikedannnn won on time"]

1. e4 c5 2. Nf3 e6 3. d4 cxd4 4.
Nxd4 Nc6 5. Nc3 Qc7 6. g3 a6 7. Bg2 Nf6 8. O-O Be7 9. Kh1 O-O 10. a4 d6 11. Be3 Re8 12. h3 Bf8 13. Qd2 Bd7 14. Rad1 Rab8 15. f4 Nxd4 16. Bxd4 e5 17. Be3 Bc6 18. fxe5 dxe5 19. Nd5 Bxd5 20. exd5 Bd6 21.
Bh6 Nh5 22. Qg5 g6 23. Kh2 e4 24. Rf4 Bxf4 25. gxf4 Qxc2 26. Qg4 f5 27. Qg5 Qxd1 0-1

[Event "Late-Titled-Tuesday-Blitz-October-24-2023"]
[Site "Chess.com"]
[Date "2023.10.24"]
[Round "4"]
[White "aranibos"]
[Black "serefra99"]
[Result "0-1"]
[WhiteElo "2275"]
[BlackElo "2410"]
[TimeControl "180+1"]
[EndTime "14:39:14 PDT"]
[Termination "serefra99 won by resignation"]

1. d4 d5 2. Nf3 Nf6 3. Bg5 e6 4.
e3 Be7 5. Nbd2 Nbd7 6. Bd3 O-O 7.
c3 b6 8. h4 Bb7 9. Qc2 h6 10.
Bxf6 Nxf6 11. Ne5 Nd7 12. Ndf3 c5 13. Nxd7 Qxd7 14. Ne5 Qd6 15. f4 Rac8 16. Qf2 f5 17. Ng6 Rf6 18. h5 Bc6 19. O-O Be8 20. Nxe7+ Qxe7 21.
Be2 b5 22. a3 a5 23. Rfc1 b4 24. cxb4 axb4 25. axb4 c4 26. Qh4 Qxb4 27. Ra7 Qxb2 28.
Qe1 Rb8 29. Bf3 Rf7 30. Rxf7 Bxf7 31. Qc3 Qxc3 32. Rxc3 Be8 33. g4 fxg4 34. Bxg4 Kf7 35. Kf2 Rb3 36. Rc2 Kf6 37. Ke2 c3 38. Ke1 Bb5 39.
Be2 Rb2 40. Bd1 Rxc2 41. Bxc2 Be8 42. Bd1 Bb5 43. Bf3 Bd3 44. Kd1 g5 45. hxg6 Kxg6 46. Bg4 Bf5 47. Bf3 h5 48. Kc1 h4 0-1

[Event "Late-Titled-Tuesday-Blitz-October-24-2023"]
[Site "Chess.com"]
[Date "2023.10.24"]
[Round "4"]
[White "HalfIsCrayfish"]
[Black "HanSchut"]
[Result "1-0"]
[WhiteElo "2547"]
[BlackElo "2310"]
[TimeControl "180+1"]
[EndTime "14:39:17 PDT"]
[Termination "HalfIsCrayfish won by resignation"]

1. Nf3 Nf6 2. d4 g6 3. c4 Bg7 4. Nc3 d5 5. h4 c5 6. cxd5 Nxd5 7. e3 cxd4 8. exd4 Nc6 9. h5 Bg4 10. Bc4 Nb6 11. Bxf7+ Kxf7 12. Ng5+ Ke8 13. Qxg4 Qxd4 14.
Qe2 Qe5 15. Ne6 Qxe2+ 16. Nxe2 Kf7 17. Nxg7 Kxg7 18. b3 e5 19. Bb2 Kf7 20. O-O-O Rhd8 21. hxg6+ hxg6 22. Rh7+ Kg8 23. Rxb7 Rac8 24. Nc3 Nb4 25. Rxd8+ Rxd8 26. Rxa7 Nd3+ 27. Kb1 Nxb2 28. Kxb2 Rd2+ 29. Kc1 Rxf2 30. a4 Rf1+ 31. Kb2 Rf2+ 32. Ka3 e4 33. a5 Rc2 34. axb6 Rxc3 35. b7 1-0

[Event "Late-Titled-Tuesday-Blitz-October-24-2023"]
[Site "Chess.com"]
[Date "2023.10.24"]
[Round "4"]
[White "Hoshka"]
[Black "Schwindle"]
[Result "0-1"]
[WhiteElo "2067"]
[BlackElo "2422"]
[TimeControl "180+1"]
[EndTime "14:39:19 PDT"]
[Termination "Schwindle won by checkmate"]

1. d4 Nf6 2. c4 e6 3. g3 Bb4+ 4. Bd2 Be7 5. Bg2 O-O 6. Nf3 d5 7.
Qc2 c6 8. O-O Nbd7 9. Rd1 a6 10.
Bf4 b5 11. c5 Ne4 12. Nfd2 f5 13.
f3 Ng5 14. e4 fxe4 15. fxe4 e5 16. dxe5 Bxc5+ 17. Kh1 Ne6 18. exd5 Nxf4 19. gxf4 Qe7 20. d6 Qh4 21. Ne4 Ba7 22. Qxc6 Rb8 23. Nbd2 Rxf4 24. e6 Ne5 25. e7 Bd7 26. Qc7 Ra8 27. Rf1 Ng4 28.
h3 Nf2+ 29. Rxf2 Bxh3 30. Rxf4 Bg4+ 31. Bh3 Qxh3# 0-1

[Event "Late-Titled-Tuesday-Blitz-October-24-2023"]
[Site "Chess.com"]
[Date "2023.10.24"]
[Round "4"]
[White "OK97"]
[Black "stolencandy13"]
[Result "1-0"]
[WhiteElo "2762"]
[BlackElo "2583"]
[TimeControl "180+1"]
[EndTime "14:39:23 PDT"]
[Termination "OK97 won by resignation"]

1. c4 f5 2. g3 Nf6 3. Bg2 e5 4. Nc3 Be7 5. e3 O-O 6. Nge2 Nc6 7. d4 d6 8. Rb1 a5 9. a3 Kh8 10. b4 axb4 11. axb4 Qe8 12. b5 Na5 13. c5 exd4 14.
cxd6 Bxd6 15. Nxd4 f4 16. O-O fxg3 17. fxg3 Bg4 18.
Qd3 Qh5 19. Bd2 Bd7 20. Bf3 Ng4 21. Qe2 Rae8 22. Ne4 Rxf3 23. Rxf3 Rxe4 24. Bxa5 Qg6 25. Rbf1 h5 26. Bd2 Bc5 27. Qc4 b6 28. Rf8+ Bxf8 29. Rxf8+ Kh7 30. Qg8+ Kh6 31. Nf3 Re8 32. e4+ 1-0

[Event "Late-Titled-Tuesday-Blitz-October-24-2023"]
[Site "Chess.com"]
[Date "2023.10.24"]
[Round "4"]
[White "AndresDelgado77"]
[Black "OPQRC"]
[Result "0-1"]
[WhiteElo "2352"]
[BlackElo "2592"]
[TimeControl "180+1"]
[EndTime "14:39:24 PDT"]
[Termination "OPQRC won on time"]

1. e4 c6 2. d4 g6 3. Nc3 Bg7 4. Nf3 d5 5. h3 dxe4 6. Nxe4 Nf6 7. Nxf6+ exf6 8. Bc4 O-O 9. O-O Nd7 10. Bf4 Nb6 11. Bd3 Nd5 12. Bg3 Be6 13. c4 Nb6 14. b3 Qd7 15. a4 a5 16. Qd2 Rfd8 17. Rad1 Nc8 18.
Rfe1 Nd6 19. Bc2 Bf5 20. d5 Bxc2 21. Qxc2 Nf5 22. dxc6 Qxc6 23. Bf4 Bf8 24. Rxd8 Rxd8 25.
Rd1 Re8 26. Qd2 Bc5 27. Qd7 Qxd7 28. Rxd7 Re2 29. g4 Rxf2 30. gxf5 Rxf3+ 31. Kg2 Rxf4 32. Rxb7 Rxf5 33. Rb5 Bb4 34. Rxf5 gxf5 35. Kf3 Kg7 36. Kf4 Kg6 37. h4 h5 38. Kf3 Bd6 39. Ke3 f4+ 40. Ke4 f5+ 41. Kf3 Kf6 42. c5 Bxc5 43. Kxf4 Bd6+ 44. Kf3 Ke5 45. Ke3 f4+ 46. Kf3 Kf5 0-1

[Event "Late-Titled-Tuesday-Blitz-October-24-2023"]
[Site "Chess.com"]
[Date "2023.10.24"]
[Round "4"]
[White "katharinareinecke"]
[Black "CraiggoryC"]
[Result "0-1"]
[WhiteElo "1870"]
[BlackElo "2170"]
[TimeControl "180+1"]
[EndTime "14:39:26 PDT"]
[Termination "CraiggoryC won by resignation"]

1. d4 e6 2. c4 Nf6 3. Nf3 d5 4. g3 Be7 5. Bg2 O-O 6. O-O dxc4 7. Ne5 Nc6 8. Nxc6 bxc6 9. Na3 Bxa3 10. bxa3 Rb8 11. a4 Bb7 12. Ba3 c5 13. Bxc5 Bxg2 14.
Kxg2 Qd5+ 15. f3 Rfd8 16. Qc2 Nd7 17. e4 Qc6 18. Qxc4 Nxc5 19. Qxc5 Rb2+ 20. Rf2 Rxf2+ 21.
Kxf2 Qxa4 22. Qxc7 Qxd4+ 23. Kg2 h5 24. Rf1 Qb2+ 25. Rf2 Rd2 26. Qc8+ Kh7 27. Qc5 Qxa2 28. Qxh5+ Kg8 29. Qc5 Rxf2+ 30. Qxf2 Qxf2+ 31. Kxf2 e5 32. Ke3 f6 33. Kd3 Kf7 34. Kc4 Ke6 35. Kb5 f5 36. Ka6 fxe4 37. fxe4 Kd6 38. Kxa7 Kc5 39. Kb7 Kd4 40. Kc7 Kxe4 41. Kd7 Kf5 42. Ke7 e4 43. Kf7 g5 44. h4 gxh4 45. gxh4 Kg4 46. Ke6 e3 47. h5 Kxh5 48. Kf5 e2 49. Kf4 e1=Q 50.
Kf3 Qd2 51. Ke4 Kg6 0-1

[Event "Late-Titled-Tuesday-Blitz-October-24-2023"]
[Site "Chess.com"]
[Date "2023.10.24"]
[Round "4"]
[White "eljanov"]
[Black "biostatistician"]
[Result "1-0"]
[WhiteElo "2795"]
[BlackElo "2589"]
[TimeControl "180+1"]
[EndTime "14:39:29 PDT"]
[Termination "eljanov won on time"]

1. d4 Nf6 2. Bf4 d5 3. e3 c5 4. Nf3 Nc6 5. Nbd2 e6 6. c3 Bd6 7. Bg3 O-O 8. Bd3 Re8 9. Ne5 Qc7 10. Ndf3 Ne4 11. Qc2 f5 12. Nxc6 Nxg3 13. hxg3 bxc6 14. g4 Rf8 15. gxf5 exf5 16. g4 g6 17. dxc5 Bxc5 18.
g5 f4 19. e4 Bg4 20. Qe2 Rae8 21. O-O-O Bf5 22. e5 Bg4 23. Rdg1 Bxf3 24. Qxf3 Qxe5 25. Rxh7 Kxh7 26. Qh5+ Kg8 27. Qxg6+ Qg7 28. Qxc6 Bxf2 29. Rh1 Re1+ 30. Rxe1 Bxe1 31. Qxd5+ Qf7 32. Qd4 Rc8 33. g6 Qxa2 34. Be4 1-0

[Event "Late-Titled-Tuesday-Blitz-October-24-2023"]
[Site "Chess.com"]
[Date "2023.10.24"]
[Round "4"]
[White "ContrVersia"]
[Black "Msb2"]
[Result "1/2-1/2"]
[WhiteElo "2874"]
[BlackElo "3082"]
[TimeControl "180+1"]
[EndTime "14:39:32 PDT"]
[Termination "Game drawn by repetition"]

1. Nf3 d5 2. c4 e6 3. b3 Nf6 4. Bb2 Bd6 5. g3 O-O 6. Bg2 Nc6 7. cxd5 exd5 8. e3 h6 9. O-O Re8 10. Nc3 Ne7 11. Nb5 Ng6 12. Nxd6 Qxd6 13. Qc2 c6 14. a4 Ne4 15. d3 Ng5 16. Nxg5 hxg5 17. Qc3 f6 18. e4 dxe4 19. dxe4 Be6 20.
Rad1 Qe7 21. f4 gxf4 22. gxf4 Nh4 23. Bh1 Rad8 24. b4 Rxd1 25. Rxd1 Bg4 26. Rf1 f5 27. h3 Bh5 28. Qg3 Bg6 29. exf5 Bxf5 30. Bd4 Be6 31. Be5 Nf5 32. Qg6 Qf7 33. Qxf7+ Kxf7 34. b5 Ng3 35. Rc1 Nxh1 36. Kxh1 Bd5+ 37. Kh2 g5 38. bxc6 Bxc6 39. Kg3 gxf4+ 40. Kxf4 Bxa4 41.
Rc7+ Re7 42. Rxe7+ Kxe7 43. h4 Bd1 44. Bd4 b6 45. Ke5 Kd7 46. Kd5 Bf3+ 47. Kc4 Kc6 48. Bc3 Be2+ 49. Kb3 Kb5 50. Bd4 Bd1+ 51. Ka3 Bh5 52.
Bc3 Kc4 53. Bd2 Be2 54. Ba5 Kb5 55. Bd2 a5 56. Be1 Ka6 57. Bd2 Bf3 58. Be1 Bh5 59. Bd2 b5 60. Be1 Kb6 61. Bd2 Bg4 62. Be1 Bd1 63.
Bd2 Kc5 64. Bxa5 Kc4 65. Bb4 Bg4 66. Ba5 Bh5 67. Bb4 Bg4 68. Ba5 Bh5 69. Bb4 Bg4 1/2-1/2